 Dungeon Crawl Stone Soup version 0.21.0-3-g78d12a8bdd (webtiles) character file.

22551 Livsi the Carver (level 12, -5/107 HPs)
             Began as a Minotaur Fighter on Jan 15, 2018.
             Was a High Priest of Trog.
             Slain by a salamander
             ... wielding a +0 trident
              (12 damage)
             ... on level 3 of the Snake Pit.
             The game lasted 01:31:51 (11727 turns).

Livsi the Carver (Minotaur Fighter)                Turns: 11727, Time: 01:31:52

Health: -5/107     AC: 13    Str: 25    XL:     12   Next: 64%
Magic:  11/11      EV: 15    Int:  5    God:    Trog [*****.]
Gold:   652        SH: 16    Dex: 13    Spells: 11/11 levels left

rFire    . . .     SeeInvis .   i - +7 long sword (freeze)
rCold    + . .     Gourm    .   c - +0 shield
rNeg     . . .     Faith    .   E - +3 ring mail
rPois    +         Spirit   .   (helmet restricted)
rElec    .         Reflect  +   (no cloak)
rCorr    .         Harm     .   t - +0 pair of gloves
MR       +....                  F - +0 pair of boots
Stlth    ++........             a - +3 amulet of reflection
HPRegen  0.67/turn              V - ring of poison resistance
MPRegen  0.12/turn              r - ring of protection from magic

@: very slightly contaminated
A: retaliatory headbutt, horns 2, thin skeletal structure 1, cold resistance 1,
regeneration 1
a: Berserk, Trog's Hand, Brothers in Arms, Burn Spellbooks, Renounce Religion


You were on level 3 of the Snake Pit.
You worshipped Trog.
Trog was extremely pleased with you.
You were very hungry.

You visited 3 branches of the dungeon, and saw 15 of its levels.

You collected 801 gold pieces.
You spent 149 gold pieces at shops.

Inventory:

Hand Weapons
 d - a +0 shortbow
 f - a +0 shortbow
 h - a +4 dagger of freezing
 i - a +7 long sword of freezing (weapon)
 o - a +5 giant club
 p - a +0 shortbow
 w - a +3 hunting sling of freezing
 x - a +0 dagger of speed
 y - a +0 dagger of venom
 H - a cursed -1 spear
 J - a cursed -1 mace
 L - a +0 shortbow of freezing
 T - a +2 scimitar of flaming
 X - a +0 falchion of protection
Missiles
 g - 147 arrows
 j - 583 stones (quivered)
 k - 6 tomahawks
 S - 35 poisoned needles
Armour
 b - a +1 scale mail
 c - a +0 shield (worn)
 t - a +0 pair of gloves (worn)
 v - a +2 helmet
 D - a +2 buckler
 E - a +3 ring mail (worn)
 F - a +0 pair of boots (worn)
 G - a +1 leather armour of poison resistance
 Y - a +1 chain mail of cold resistance
Magical Staves
 l - an uncursed staff of power {unknown}
 R - an uncursed staff of cold {unknown}
Jewellery
 a - a +3 amulet of reflection (around neck)
 e - a +2 ring of slaying {unknown}
 r - a ring of protection from magic (right hand)
 N - an uncursed amulet of magic regeneration
 V - a ring of poison resistance (left hand)
 W - an uncursed ring of protection from fire
Wands
 q - a wand of paralysis (22)
 s - a wand of flame (7)
 M - a wand of scattershot (14)
 O - a wand of random effects (31)
Scrolls
 z - 3 scrolls of immolation
 I - 3 scrolls of teleportation
 K - a scroll of fog
 Q - 9 scrolls of remove curse
 U - a scroll of blinking
Potions
 m - a potion of flight
 A - 2 potions of might
 B - 2 potions of magic
 Z - a potion of ambrosia
Books
 C - a book of Power

   Spells                             Type                      Level
   a - Iskenderun's Battlesphere      Conjuration/Charms           5
   b - Venom Bolt                     Conjuration/Poison           5
   c - Bolt of Magma                  Conjuration/Fire/Earth       5
   d - Iron Shot                      Conjuration/Earth            6
   e - Orb of Destruction             Conjuration                  7
   f - Spellforged Servitor           Conjuration/Summoning        7
   Trog disapproves of the use of such an item.
 P - a book of Cantrips

   Spells                             Type                      Level
   a - Confusing Touch                Hexes                        1
   b - Animate Skeleton               Necromancy                   1
   c - Summon Small Mammal            Summoning                    1
   d - Apportation                    Translocation                1
   Trog disapproves of the use of such an item.
Comestibles
 n - 18 rations


   Skills:
 + Level 10.4 Fighting
 + Level 14.5 Long Blades
 + Level 10.0 Armour
 + Level 8.5 Dodging
 + Level 3.5 Stealth
 + Level 12.1 Shields


You had 11 spell levels left.
You didn't know any spells.

Dungeon Overview and Level Annotations

Branches:
Dungeon (9/15)             Temple (0/1) D:7            Lair (3/6) D:9
  Swamp (0/4) Lair:3        Snake (3/4) Lair:3
    Orc: D:9-12

Altars:
Ashenzari
Cheibriados
Dithmenos
Elyvilon
Fedhas
Hepliaklqana
Kikubaaqudgha
Makhleb
Okawaru
Qazlal
Sif Muna
Trog
Xom
Yredelemnul
Zin

Shops:
D:4 (   D:6 ?   D:7 (

Annotations:
D:4 Natasha


Innate Abilities, Weirdness & Mutations

You reflexively headbutt those who attack you in melee.
You have a pair of horns on your head.
You have a somewhat thin skeletal structure. (Dex +2, Stealth)
Your flesh is cold resistant. (rC+)
Your natural rate of healing is unusually fast.


Message History

The nagaraja shouts!
Found a stone staircase leading up.
There is a stone staircase leading up here.
You block the mana viper's attack. The anaconda grabs you.
The anaconda bites you but does no damage.
* * * LOW HITPOINT WARNING * * *
The anaconda constricts you. The mana viper closely misses you.
The anaconda barely misses you. You furiously retaliate!
You headbutt the anaconda, but do no damage.
You riposte.
You hit the anaconda. You freeze the anaconda.
You headbutt the anaconda, but do no damage.
The anaconda is moderately wounded.
* * * LOW HITPOINT WARNING * * *
The anaconda constricts you. The mana viper barely misses you.
You furiously retaliate!
You headbutt the mana viper!
Found a stone staircase leading down.
You escape the anaconda's grasp.
The salamander hits you from afar with a trident!
You die...

#####
#...#
##♣.<.♣##
#.S.@...#
#.S.♣.>.#
#.N.....#
##♣N..♣##
#...#
##+##


You could see a nagaraja, a salamander, an anaconda and a mana viper.

Vanquished Creatures
  Harold (Lair:3)
  Erica (Lair:2)
  A two-headed ogre (D:8)
  2 death yaks (Lair:2)
  A shock serpent (Snake:1)
  A naga ritualist (Snake:1)
  2 mana vipers (Snake:1)
  2 salamanders (Snake:1)
  A naga mage (Snake:1)
  8 black mambas
  12 spiny frogs
  A torpor snail (Lair:2)
  A rime drake (Lair:2)
  3 komodo dragons (Lair:1)
  A troll (D:7)
  2 hippogriffs
  10 yaks
  8 nagas
  6 water moccasins
  2 sky beasts
  2 orc warriors
  7 porcupines
  4 phantoms
  A black bear (D:6)
  6 ogres
  2 ice beasts
  5 centaurs
  2 crocodiles
  2 big kobolds
  7 bullfrogs
  3 scorpions (D:9)
  A wight (D:7)
  2 howler monkeys
  5 crimson imps
  2 bullfrog zombies (D:6)
  2 bullfrog skeletons
  15 orc wizards
  3 orc priests
  5 hounds
  2 jellies
  2 centaur skeletons
  Jessica (D:3)
  Natasha (twice) (D:4)
  3 iguanas
  5 worker ants
  2 hound zombies
  4 gnolls (D:2)
  8 adders
  2 shadow imps
  2 oozes
  An adder zombie (D:6)
  3 adder skeletons
  3 worms
  3 dart slugs (D:1)
  4 leopard geckos
  30 orcs
  A ball python (D:7)
  6 giant cockroaches
  5 goblins
  8 hobgoblins
  9 kobolds
  3 quokkas
  6 bats
  A frilled lizard (D:2)
  A leopard gecko skeleton (D:6)
  A quokka skeleton (D:7)
  7 rats
  11 fungi
  6 plants (D:9)
284 creatures vanquished.

Vanquished Creatures (others)
  A naga sharpshooter (Snake:1)
  A fungus (Lair:1)
2 creatures vanquished.

Grand Total: 286 creatures vanquished

Notes
Turn   | Place    | Note
-------+----------+-------------------------------------------
     0 | D:1      | Livsi the Minotaur Fighter began the quest for the Orb.
     0 | D:1      | Reached XP level 1. HP: 19/19 MP: 0/0
   194 | D:1      | Reached XP level 2. HP: 27/27 MP: 1/1
   620 | D:1      | Reached XP level 3. HP: 33/33 MP: 2/2
   768 | D:2      | Found a bloodstained altar of Trog.
   779 | D:2      | Became a worshipper of Trog the Wrathful
   797 | D:2      | Reached skill level 3 in Long Blades
   831 | D:2      | Reached skill level 1 in Dodging
   835 | D:2      | Reached XP level 4. HP: 5/40 MP: 3/3
  1356 | D:2      | Found a shimmering altar of Xom.
  1358 | D:2      | Found a snail-covered altar of Cheibriados.
  1358 | D:2      | Found a bloodstained altar of Trog.
  1360 | D:2      | Found a shattered altar of Ashenzari.
  1360 | D:2      | Found an ornate altar of the Wu Jian Council.
  1360 | D:2      | Found a hide-covered altar of Uskayaw.
  1478 | D:3      | Reached * piety under Trog
  1499 | D:3      | Reached skill level 4 in Long Blades
  1580 | D:3      | Reached XP level 5. HP: 33/46 MP: 4/4
  1888 | D:3      | Noticed Jessica
  1891 | D:3      | Killed Jessica
  1891 | D:3      | Reached skill level 5 in Shields
  2277 | D:4      | Reached XP level 6. HP: 41/53 MP: 5/5
  2522 | D:4      | Found Guaxzigh's Weapon Emporium.
  2535 | D:4      | Reached skill level 5 in Long Blades
  2718 | D:4      | Noticed Natasha
  2726 | D:4      | Killed Natasha
  2726 | D:4      | Reached skill level 5 in Armour
  2735 | D:4      | Found an ancient bone altar of Kikubaaqudgha.
  2746 | D:4      | Noticed Natasha
  2755 | D:4      | Killed Natasha
  2776 | D:4      | Reached ** piety under Trog
  2858 | D:4      | Noticed Natasha
  3191 | D:5      | Entered Level 5 of the Dungeon
  3249 | D:5      | Paralysed by an orc wizard for 4 turns
  3256 | D:5      | Reached XP level 7. HP: 42/60 MP: 6/6
  3393 | D:5      | Found a shadowy altar of Dithmenos.
  3476 | D:5      | Found a white marble altar of Elyvilon.
  3477 | D:5      | Found a shadowy altar of Dithmenos.
  3486 | D:5      | Reached skill level 6 in Long Blades
  3496 | D:5      | Found a blossoming altar of Fedhas.
  3496 | D:5      | Found a snail-covered altar of Cheibriados.
  3563 | D:5      | Reached skill level 5 in Fighting
  3983 | D:5      | Found a stormy altar of Qazlal.
  4310 | D:6      | Reached skill level 7 in Long Blades
  4310 | D:6      | Reached XP level 8. HP: 51/68 MP: 7/7
  4360 | D:6      | Found a basalt altar of Yredelemnul.
  4726 | D:6      | Found Jeujakop's Magic Scroll Shoppe.
  4789 | D:6      | Reached skill level 8 in Long Blades
  4825 | D:6      | Reached *** piety under Trog
  4906 | D:6      | Found a deep blue altar of Sif Muna.
  5079 | D:6      | Reached XP level 9. HP: 47/75 MP: 8/8
  5627 | D:7      | Found a staircase to the Ecumenical Temple.
  5739 | D:7      | Reached skill level 9 in Long Blades
  5739 | D:7      | Reached skill level 1 in Stealth
  5968 | D:7      | Found a large runed door.
  5970 | D:7      | Found a large runed door.
  5973 | D:7      | Noticed a troll
  5984 | D:7      | Killed a troll
  5996 | D:7      | Found a large runed door.
  5996 | D:7      | Found a large runed door.
  6270 | D:7      | Found a glowing silver altar of Zin.
  6287 | D:7      | Found Orreack's Antique Weapon Shop.
  6297 | D:7      | Bought a glowing long sword for 149 gold pieces
  6446 | D:7      | Found the cursed +14 obsidian axe {chop, +Fly SInv *Curse}
  6822 | D:8      | Reached skill level 10 in Long Blades
  7225 | D:8      | Gained mutation: Your natural rate of healing is unusually fast. [potion of mutation]
  7225 | D:8      | Gained mutation: You have a somewhat thin skeletal structure. (Dex +2, Stealth) [potion of mutation]
  7225 | D:8      | Gained mutation: Your flesh is cold resistant. (rC+) [potion of mutation]
  7280 | D:8      | Noticed a two-headed ogre
  7290 | D:8      | Killed a two-headed ogre
  7290 | D:8      | Reached skill level 5 in Dodging
  7290 | D:8      | Reached XP level 10. HP: 59/84 MP: 9/9
  7364 | D:8      | Reached **** piety under Trog
  7854 | D:9      | Reached skill level 11 in Long Blades
  7946 | D:9      | Found a staircase to the Lair.
  8082 | D:9      | Found a burning altar of Makhleb.
  8530 | D:9      | Found a stormy altar of Qazlal.
  8532 | D:9      | Found a hazy altar of Hepliaklqana.
  8587 | D:9      | Found a shattered altar of Ashenzari.
  8589 | D:9      | Found an iron altar of Okawaru.
  8649 | Lair:1   | Entered Level 1 of the Lair of Beasts
  8878 | Lair:1   | Noticed a spiny frog
  8886 | Lair:1   | Killed a spiny frog
  8944 | Lair:1   | Reached ***** piety under Trog
  8973 | Lair:1   | Noticed a spiny frog
  8981 | Lair:1   | Killed a spiny frog
  9023 | Lair:1   | Reached skill level 10 in Shields
  9071 | Lair:1   | Noticed a spiny frog
  9080 | Lair:1   | Killed a spiny frog
  9080 | Lair:1   | Reached skill level 12 in Long Blades
  9343 | Lair:1   | Reached XP level 11. HP: 94/94 MP: 10/10
  9944 | Lair:2   | Noticed Erica
  9975 | Lair:2   | Killed Erica
 10038 | Lair:2   | Reached skill level 13 in Long Blades
 10164 | Lair:2   | Noticed a death yak
 10179 | Lair:2   | Killed a death yak
 10298 | Lair:2   | Noticed a death yak
 10308 | Lair:2   | Killed a death yak
 10498 | Lair:3   | Found a staircase to the Swamp.
 10533 | Lair:3   | Noticed Harold
 10546 | Lair:3   | Killed Harold
 10644 | Lair:3   | Found a staircase to the Snake Pit.
 10831 | Lair:3   | Reached XP level 12. HP: 105/106 MP: 11/11
 11259 | Snake:1  | Entered Level 1 of the Snake Pit
 11304 | Snake:1  | Reached skill level 14 in Long Blades
 11409 | Snake:1  | Reached skill level 10 in Fighting
 11660 | Snake:1  | Noticed a naga warrior
 11662 | Snake:1  | Noticed a naga warrior
 11667 | Snake:1  | Reached skill level 10 in Armour
 11685 | Snake:1  | HP: 4/107 [salamander/spear (10)]
 11709 | Snake:1  | HP: 1/107 [salamander/spear (13)]
 11716 | Snake:2  | Noticed an anaconda
 11722 | Snake:2  | Noticed an anaconda
 11724 | Snake:3  | Noticed a nagaraja
 11727 | Snake:3  | Slain by a salamander

Skill      XL: |  1  2  3  4  5  6  7  8  9 10 11 12 |
---------------+-------------------------------------+-----
Fighting       | 4 5 6 8 9 10 | 10.4
Shields        | 4 5 6 7 9 10 11 12 | 12.1
Armour         | 4 5 6 7 8 9 10 | 10.0
Long Blades    | 3 4 5 7 8 10 12 13 14 | 14.5
Dodging        | 1 2 3 4 5 6 7 8 |  8.5
Stealth        | 1 2 3 |  3.5

Action                   |  1- 3 |  4- 6 |  7- 9 | 10-12 || total
-------------------------+-------+-------+-------+-------++-------
Melee: Long sword        |    57 |   153 |   307 |   460 ||   977
       Headbutt          |     8 |    24 |    70 |   134 ||   236
  Use: Scroll            |     3 |     7 |     9 |    12 ||    31
       Potion            |     3 |     5 |     3 |     6 ||    17
 Stab: Sleeping          |       |       |       |     4 ||     4
       Distracted        |       |       |       |     1 ||     1
  Eat: Ration            |       |     1 |     4 |     3 ||     8
       Chunk             |       |     4 |     1 |     2 ||     7
Armor: Scale mail        |    32 |    33 |       |       ||    65
       Ring mail         |       |    38 |   118 |    77 ||   233
Dodge: Dodged            |    11 |    58 |   112 |   129 ||   310
Block: Shield            |    30 |   102 |   197 |   213 ||   542
       Reflection        |       |       |       |     9 ||     9
       Rpst.: Long sword |     2 |    12 |    35 |    31 ||    80
